 Dungeon Crawl Stone Soup version 0.24-a0-291-g79c1ce7 (webtiles) character file.

Game seed: 9250955051090825394

51 nikopol the Firebug (level 3, -4/19 HPs)
             Began as a Deep Elf Fire Elementalist on May 9, 2019.
             Killed by divine providence
             ... invoked by an orc priest
              (15 damage)
             ... on level 3 of the Dungeon.
             The game lasted 00:03:03 (1346 turns).

nikopol the Firebug (Deep Elf Fire Elementalist)    Turns: 1346, Time: 00:03:04

Health: -4/19      AC:  2    Str:  5    XL:     3   Next: 57%
Magic:  10/10      EV: 13    Int: 20    God:
Gold:   134        SH:  0    Dex: 15    Spells: 3/9 levels left

rFire    . . .     SeeInvis .   k - +0 dagger
rCold    . . .     Gourm    .   (no shield)
rNeg     . . .     Faith    .   a - +0 robe
rPois    .         Spirit   .   (no helmet)
rElec    .         Reflect  .   (no cloak)
rCorr    .         Harm     .   (no gloves)
MR       .....                  (no boots)
Stlth    ++........             (no amulet)
HPRegen  0.06/turn              (no ring)
MPRegen  0.12/turn              (no ring)

@: no status effects
A: no striking features
a: no special abilities


You were on level 3 of the Dungeon.
You were not hungry.

You visited 1 branch of the dungeon, and saw 3 of its levels.

You collected 134 gold pieces.

Inventory:

Hand Weapons
 k - a +0 dagger (weapon)
Armour
 a - a +0 robe (worn)
Jewellery
 e - a +5 amulet of reflection {unknown}
Scrolls
 b - 3 scrolls of teleportation {unknown}
 d - 2 scrolls of blinking {unknown}
 i - 3 scrolls of fog {unknown}
 m - 3 scrolls of identify {unknown}
 n - a scroll of magic mapping {unknown}
 o - a scroll of remove curse {unknown}
 p - 2 scrolls of enchant weapon {unknown}
 s - 2 scrolls of fear {unknown}
Potions
 f - a potion of degeneration {unknown}
 g - a potion of agility {unknown}
 h - a potion of brilliance {unknown}
 j - 3 potions of flight {unknown}
 l - 2 potions of curing {unknown}
 q - a potion of berserk rage {unknown}
 r - a potion of heal wounds {unknown}
Comestibles
 c - 6 rations


   Skills:
 + Level 2.9 Dodging
 + Level 2.8 Stealth
 + Level 3.8 Spellcasting
 + Level 1.7 Conjurations
 + Level 4.0 Fire Magic


You had 3 spell levels left.
You knew the following spells:

 Your Spells              Type           Power        Failure   Level  Hunger
a - Flame Tongue          Conj/Fire      ###..        4%          1    None
b - Throw Flame           Conj/Fire      ###...       6%          2    ##.....
c - Conjure Flame         Conj/Fire      ###.....     12%         3    ###....

Your spell library contained the following spells:

 Spells                   Type           Power        Failure   Level  Hunger
 Inner Flame              Hex/Fire       ##......     17%         3    ###....
 Sticky Flame             Conj/Fire      ###.....     38%         4    ####...
 Fireball                 Conj/Fire      ###.......   75%         5    ######.


Dungeon Overview and Level Annotations

Branches:
Dungeon (3/15)

Altars:
Kikubaaqudgha
Uskayaw
Xom


Message History

There is a stone staircase leading up here.
Done exploring.
Done exploring.
(D) Dungeon
Where to? (Enter - D:2, ? - help)
There is a stone staircase leading down here.
You climb downwards.
There is a stone staircase leading up here.
Found a robe.
All of the chunks of flesh in your inventory have rotted away.
You see here a robe.
An orc priest comes into view. It is wielding a +0 whip.
An orc warrior comes into view. It is wielding a +0 scimitar.
An orc comes into view. It is wielding a +0 club.
The orc priest calls down the wrath of Beogh upon you.
Pain shoots through your body!
The orc priest calls down the wrath of Beogh upon you.
Beogh smites you!
Ouch! That really hurt!
You die...

###### #....# #....#
#..... #....#####
.#........#
......###.###########
o####.#.[.o.....@...#
...#.#.#.#########.#
.##o#.#.#.#<........#
........#.###########
.##.#.#..........
...#.#......####
#####.#......#
#.#......# #.#......#


You could see an orc priest.

Vanquished Creatures
  An adder (D:2)
  3 dart slugs
  4 leopard geckos
  A giant cockroach (D:1)
  5 goblins
  A hobgoblin (D:1)
  4 kobolds
  A ball python (D:2)
  5 bats
  4 frilled lizards
  3 rats
32 creatures vanquished.

Notes
Turn   | Place    | Note
-------+----------+-------------------------------------------
     0 | D:1      | nikopol the Deep Elf Fire Elementalist began the quest for
                  | the Orb.
     0 | D:1      | Reached XP level 1. HP: 10/10 MP: 6/6
   113 | D:1      | Reached XP level 2. HP: 14/15 MP: 0/8
   782 | D:2      | Reached XP level 3. HP: 19/19 MP: 7/10
   786 | D:2      | Learned a level 2 spell: Throw Flame
   790 | D:2      | Learned a level 3 spell: Conjure Flame
   855 | D:2      | Reached skill level 4 in Fire Magic
   868 | D:2      | Found a shimmering altar of Xom.
   934 | D:2      | Found an ancient bone altar of Kikubaaqudgha.
  1009 | D:2      | Found a hide-covered altar of Uskayaw.
  1328 | D:3      | Noticed an orc warrior
  1346 | D:3      | Killed from afar by an orc priest

Levels and vault maps discovered:
D:1:      onia_arrival_mini_spirals, layout_rooms
D:2:      layout_loops_ring, overflow_temple_1_default,
          kiku_gazebo_garden_becter, eat_drink_and_be_merry_uskayaw,
          first_ration
D:3:      layout_basic, serial_corexii_hall, corexii_hall_statues_x,
          chequers_hall_statues_wall_a

Skill      XL: |  1  2  3 |
---------------+----------+-----
Fire Magic     | 4 |  4.0
Dodging        | |  2.9
Stealth        | |  2.8
Spellcasting   | |  3.8
Conjurations   | |  1.7

Action                   || total
-------------------------++-------
 Cast: Flame Tongue      ||    54
  Eat: Chunk             ||     1
Armor: Robe              ||     7
Dodge: Dodged            ||     4

Table legend:
 A = Non-vault XP
 B = Vault XP
 C = Vault XP percentage of total XP
 D = Non-vault monster count
 E = Vault monster count
 F = Vault count percentage of total count
                 A         B        C        D         E       F
            +---------+---------+-------+---------+---------+-------
      Total |      73 |       0 |   0.0 |      32 |       0 |   0.0
            +---------+---------+-------+---------+---------+-------
        D:1 |      33 |       0 |   0.0 |      17 |       0 |   0.0
        D:2 |      40 |       0 |   0.0 |      15 |       0 |   0.0
            +---------+---------+-------+---------+---------+-------
